 Dungeon Crawl Stone Soup version 0.17-a0-2215-g49c1de0 (webtiles) character file.

6173 concernedbohemian the Protected (level 10, -10/135 HPs)
             Began as a Hill Orc Wanderer on Oct 27, 2015.
             Was a Priest of Beogh.
             Killed by divine providence
             ... invoked by a daeva
             ... created by the Shining One
              (12 damage)
             ... on level 9 of the Dungeon.
             The game lasted 01:03:34 (9932 turns).

concernedbohemian the Protected (Hill Orc Wanderer) Turns: 9932, Time: 01:03:34

Health: -10/135    AC: 19    Str: 30    XL:     10   Next: 91%
Magic:  10/10      EV:  7    Int: 13    God:    Beogh [***...]
Gold:   595        SH: 13    Dex:  8    Spells: 1 memorised, 6 levels left

rFire  . . .     SeeInvis .     G - +0 morningstar
rCold  . . .     Clarity  .     j - +2 plate armour
rNeg   . . .     SustAt   .     i - +0 shield
rPois  .         Gourm    .     (no helmet)
rElec  .         Spirit   .     P - +0 cloak
rCorr  .         Warding  .     (no gloves)
rMut   .         Stasis   .     (no boots)
MR     +....                    (no amulet)
Stlth  ..........               h - ring of protection from magic
                                z - +5 ring of strength

@: berserking, glowing, very quick, somewhat resistant to hostile enchantments,
extremely unstealthy
A: no striking features
a: Smiting, Renounce Religion


You were on level 9 of the Dungeon.
You worshipped Beogh.
Beogh was most pleased with you.
You were not hungry.

You visited 2 branches of the dungeon, and saw 10 of its levels.

You collected 595 gold pieces.

Inventory:

Hand Weapons
 a - a +4 mace
 E - a +0 mace of draining
 G - a +0 morningstar (weapon)
Missiles
 c - 24 bolts
 g - 14 bolts of frost
 w - 180 stones (quivered)
 I - 6 tomahawks
Armour
 e - a +0 robe
 i - a +0 shield (worn)
 j - a +2 plate armour (worn)
 P - a +0 cloak (worn)
Magical Staves
 N - an uncursed staff of death
Jewellery
 h - a ring of protection from magic (right hand)
 m - an uncursed ring of sustain attributes
 p - an uncursed ring of teleportation
 z - a +5 ring of strength (left hand)
 V - an uncursed ring of ice
Wands
 W - a wand of disintegration (13)
 Y - a wand of confusion (31)
Scrolls
 b - a scroll of remove curse
 l - 4 scrolls of identify
 q - 4 scrolls of teleportation
 R - a scroll of blinking
Potions
 d - 4 potions of lignification
 k - a potion of resistance
 o - a potion of cure mutation {unknown}
 F - a potion of might
 S - a potion of brilliance
 U - a potion of magic
Books
 t - a book of Party Tricks

   Spells                             Type                      Level
   a - Summon Butterflies             Summoning                    1
   b - Apportation                    Translocation                1
   c - Tukima's Dance                 Hexes                        3
   d - Alistair's Intoxication        Transmutation/Poison         4
   e - Invisibility                   Hexes                        6
 D - a book of Clouds

   Spells                             Type                      Level
   a - Mephitic Cloud                 Conjuration/Poison/Air       3
   b - Conjure Flame                  Conjuration/Fire             3
   c - Poisonous Cloud                Conjuration/Poison/Air       6
   d - Freezing Cloud                 Conjuration/Ice/Air          6
   e - Ring of Flames                 Charms/Fire                  7
Miscellaneous
 n - a plain deck of escape {drawn: 1}
 y - an ornate deck of war {drawn: 2}
 H - a plain deck of destruction {drawn: 1}
 M - a plain deck of war
Comestibles
 f - 3 bread rations
 u - 5 meat rations
 Q - 7 royal jellies
 T - 2 slices of pizza


   Skills:
 * Level 8.4 Fighting
 + Level 8.5 Maces & Flails
   Level 0.1 Crossbows
 * Level 5.1 Throwing
 * Level 9.3 Armour
 + Level 1.5 Dodging
 - Level 0.1 Stealth
 * Level 9.3 Shields
 + Level 0.3 Invocations


You had 6 spell levels left.
You knew the following spells:

 Your Spells              Type           Power        Failure   Level  Hunger
a - Tukima's Dance        Hex            #.......     100%        3    ####...


Dungeon Overview and Level Annotations

Branches:
Dungeon (9/15)             Temple (1/1) D:7            Lair (0/8) D:9
    Orc: D:9-12

Altars:
Ashenzari
Cheibriados
Dithmenos
Elyvilon
Fedhas
Gozag
Kikubaaqudgha
Makhleb
Nemelex Xobeh
Okawaru
Qazlal
Ru
Sif Muna
Trog
Vehumet
Xom
Yredelemnul
Zin
The Shining One


Message History

Something smites you!
* * * LOW HITPOINT WARNING * * *
You block the daeva's attack.
The daeva hits you with a long sword of holy wrath.
* * * LOW HITPOINT WARNING * * *
The angel hits you with a whip of holy wrath!
* * * LOW HITPOINT WARNING * * *
The angel barely misses you. The daeva blocks your attack.
The daeva is lightly wounded.
The daeva hits you with a scimitar of holy wrath!
* * * LOW HITPOINT WARNING * * *
The daeva hits you with a scimitar of holy wrath.
* * * LOW HITPOINT WARNING * * *
The angel hits you with a whip of holy wrath.
* * * LOW HITPOINT WARNING * * *
You block the angel's attack.
The daeva calls down the wrath of the Shining One upon you.
Something smites you!
You die...

.....)....#........#
....##...##.##....## ##
#...##...##.#####+##...
.....+....(............
.....#.................
.....#.................
#...##......###'####..
######+########AA.##
#.A@..# +!....# #.....#
##...## #####


You could see 2 daevas and an angel.

Vanquished Creatures
  A komodo dragon (D:9)
  A queen bee (D:8)
  Grinder (D:5)
  Prince Ribbit (D:6)
  3 two-headed ogres (D:9)
  A deep elf mage (D:7)
  Eustachio (D:5)
  Grum (D:8)
  2 wolves (D:8)
  The ghost of DEFE the Insei, an amateur DgTm (D:3)
  3 sky beasts
  An ice beast (D:9)
  An orc warrior (D:9)
  A phantom (D:5)
  A black bear (D:6)
  4 ogres
  5 centaurs
  2 big kobolds (D:8)
  Blork the orc (D:6)
  4 giant frogs
  A water moccasin skeleton (D:7)
  2 scorpions
  16 killer bees (D:8)
  3 crimson imps
  2 quasits
  3 hounds
  3 jellies
  Crazy Yiuf (D:7)
  2 centaur skeletons
  3 giant frog zombies
  5 orc priests
  Ijyb (D:2)
  4 iguanas
  An orc wizard (D:8)
  6 worker ants
  2 worker ant zombies
  8 gnolls
  8 adders
  A shadow imp (D:5)
  An adder zombie (D:7)
  3 adder skeletons
  2 worms (D:4)
  3 giant geckos
  27 orcs
  3 giant cockroaches
  3 goblins
  5 hobgoblins
  2 jackals (D:6)
  2 quokkas
  6 ball pythons
  7 bats
  A giant cockroach zombie (D:5)
  6 giant newts
  A jackal skeleton (D:8)
  18 kobolds
  2 quokka skeletons
  11 rats
211 creatures vanquished.

Vanquished Creatures (others)
  An orc priest (D:6)
  2 orc wizards (D:6)
  2 orcs (D:6)
  A jackal (D:6)
  2 plants (D:9)
8 creatures vanquished.

Grand Total: 219 creatures vanquished

Notes
Turn   | Place    | Note
--------------------------------------------------------------
     0 | D:1      | concernedbohemian the Hill Orc Wanderer began the quest for the Orb.
     0 | D:1      | concernedbohemian set off with: a +2 mace, a +0 hand crossbow, 26 bolts, a potion of lignification, a +0 robe, a bread ration
     0 | D:1      | Reached XP level 1. HP: 18/18 MP: 1/1
   121 | D:1      | Reached XP level 2. HP: 25/25 MP: 2/2
   271 | D:1      | Reached skill level 6 in Maces & Flails
   671 | D:1      | You fall through a shaft!
   693 | D:2      | Found a sparkling altar of Nemelex Xobeh.
   693 | D:2      | Found a shadowy altar of Dithmenos.
   801 | D:2      | Became a worshipper of Nemelex Xobeh the Trickster
   859 | D:2      | Found a deep blue altar of Sif Muna.
   886 | D:2      | Received a gift from Nemelex Xobeh
   916 | D:2      | Noticed Ijyb
   927 | D:2      | Killed Ijyb
   927 | D:2      | Reached XP level 3. HP: 30/30 MP: 3/3
   956 | D:2      | Reached XP level 4. HP: 19/37 MP: 4/4
  1365 | D:2      | Learned a level 3 spell: Tukima's Dance
  1371 | D:2      | Found a shattered altar of Ashenzari.
  1678 | D:3      | Reached XP level 5. HP: 29/45 MP: 5/5
  1679 | D:3      | Reached skill level 1 in Throwing
  1767 | D:3      | Reached * piety under Nemelex Xobeh
  1828 | D:3      | Noticed DEFE's ghost (amateur DgTm)
  1848 | D:3      | Killed DEFE's ghost
  1848 | D:3      | Reached XP level 6. HP: 44/52 MP: 6/6
  2144 | D:4      | Received a gift from Nemelex Xobeh
  2399 | D:4      | Reached XP level 7. HP: 36/59 MP: 7/7
  2545 | D:5      | Entered Level 5 of the Dungeon
  2607 | D:5      | Noticed Eustachio
  2661 | D:5      | Killed Eustachio
  2961 | D:5      | Noticed Grinder
  3004 | D:5      | Killed Grinder
  3004 | D:5      | Reached XP level 8. HP: 31/67 MP: 8/8
  3019 | D:5      | Reached skill level 5 in Fighting
  3019 | D:5      | Reached skill level 7 in Maces & Flails
  3019 | D:5      | Reached skill level 5 in Armour
  3191 | D:5      | Reached ** piety under Nemelex Xobeh
  3593 | D:5      | Received a gift from Nemelex Xobeh
  3669 | D:5      | Reached skill level 5 in Shields
  3679 | D:5      | Found a stormy altar of Qazlal.
  3791 | D:5      | Received a gift from Nemelex Xobeh
  4069 | D:6      | Noticed Prince Ribbit
  4070 | D:6      | Fell from the grace of Nemelex Xobeh
  4070 | D:6      | Became a worshipper of Beogh the Brigand
  4083 | D:6      | Killed Prince Ribbit
  4101 | D:6      | Noticed Blork the orc
  4109 | D:6      | Killed Blork the orc
  4109 | D:6      | Reached XP level 9. HP: 22/75 MP: 9/9
  5380 | D:7      | Reached * piety under Beogh
  6169 | D:7      | Found a staircase to the Ecumenical Temple.
  6191 | Temple   | Entered the Ecumenical Temple
  6534 | D:7      | Noticed Crazy Yiuf
  6540 | D:7      | Killed Crazy Yiuf
  6540 | D:7      | Reached skill level 1 in Dodging
  7080 | D:8      | Reached XP level 10. HP: 39/86 MP: 10/10
  7085 | D:8      | Reached skill level 8 in Maces & Flails
  7660 | D:8      | Noticed Grum
  7703 | D:8      | Killed Grum
  7888 | D:8      | Reached ** piety under Beogh
  8671 | D:8      | Found a bloodstained altar of Trog.
  9004 | D:9      | Found a snail-covered altar of Cheibriados.
  9045 | D:9      | Reached skill level 5 in Throwing
  9075 | D:9      | Found a staircase to the Lair.
  9182 | D:9      | Reached skill level 9 in Armour
  9337 | D:9      | XOM: 1-stop teleportation journey
  9428 | D:9      | Reached *** piety under Beogh
  9921 | D:9      | Noticed an angel
  9921 | D:9      | Noticed a daeva
  9921 | D:9      | Noticed a daeva
  9932 | D:9      | HP: 5/135 [daeva/scimitar of holy wrath[the Shining One] (2)]
  9932 | D:9      | HP: 2/135 [angel/whip of holy wrath[the Shining One] (3)]
  9932 | D:9      | Killed from afar by a daeva

Vault maps used:
D:1:      minmay_arrival_diagonal_passages
D:2:      lemuel_doored_altar, nicolae_overflow_crystal_walls,
          gammafunk_temple_overflow_elements, first_bread, uniq_iyjb
D:5:      grunt_qazlal_sundering, uniq_grinder, uniq_eustachio
D:6:      black_bear_nest_1, uniq_prince_ribbit1, uniq_blork_the_orc
D:7:      temple_green, uniq_crazy_yiuf_cottage
D:8:      kennysheep_mini_moat, grunt_ministairs_11, minmay_curled_crystal,
          david_nohive_1, grunt_decor_clamped, uniq_grum
D:9:      cheibriados_altar_1, david_lair_shrubbed, uniq_maurice
Temple:   circular_temple_12

Action                   |  1- 3 |  4- 6 |  7- 9 | 10-12 || total
-------------------------+-------+-------+-------+-------++-------
Melee: Mace              |    61 |   139 |   434 |   263 ||   897
       Morningstar       |       |       |    30 |   104 ||   134
       Unarmed           |       |       |     8 |       ||     8
 Fire: Hand crossbow     |    16 |       |       |       ||    16
Throw: Stone             |       |    72 |    60 |    55 ||   187
       Tomahawk          |       |       |     2 |       ||     2
Invok: Convert to Beogh  |       |       |     1 |       ||     1
       Smiting           |       |       |       |     1 ||     1
Evoke: Deck              |     1 |       |     3 |       ||     4
  Use: Scroll            |     4 |     3 |     5 |     6 ||    18
       Potion            |     4 |     1 |     7 |     2 ||    14
 Stab: Invisible         |       |       |     1 |       ||     1
  Eat: Meat ration       |       |     1 |     1 |       ||     2
       Chunk             |       |       |     9 |     2 ||    11
       Beef jerky        |       |       |     3 |     1 ||     4
       Fruit             |       |       |     2 |     1 ||     3
       Bread ration      |       |       |     1 |       ||     1
       Royal jelly       |       |       |       |     3 ||     3
